 Dungeon Crawl Stone Soup version 0.22-a0-32-ga749362 (webtiles) character file.

24578 wvc the Archer (level 12, -7/94 HPs)
             Began as a Demonspawn Gladiator on Jan 3, 2018.
             Was the Champion of Okawaru.
             Mangled by Rupert
             ... wielding a +2 battleaxe of chopping
              (32 damage)
             ... on level 2 of the Lair of Beasts.
             The game lasted 00:37:18 (14103 turns).

wvc the Archer (Demonspawn Gladiator)              Turns: 14103, Time: 00:37:19

Health: -7/94      AC:  9    Str: 17    XL:     12   Next: 81%
Magic:  12/12      EV: 14    Int: 14    God:    Okawaru [******]
Gold:   961        SH:  0    Dex: 21    Spells: 11/11 levels left

rFire    + + .     SeeInvis +   C - +8 shortbow "Embalmer" {freeze, rF++}
rCold    + + .     Gourm    .   (shield currently unavailable)
rNeg     + + .     Faith    +   A - +0 ring mail
rPois    .         Spirit   .   M - +1 hat
rElec    .         Reflect  .   (no cloak)
rCorr    .         Harm     .   (no gloves)
MR       .....                  (boots unavailable)
Stlth    +.........             J - amulet of faith
HPRegen  0.25/turn              U - ring of Voyd {rC+ Str+2}
MPRegen  0.13/turn              S - ring "Azepecoa" {rN++ Str-5 Int+2 Dex+4 SInv}

@: mighty
A: talons 3, icy blue scales 1, cold resistance 1, powered by pain 1
a: Heroism, Finesse, Renounce Religion


You were on level 2 of the Lair of Beasts.
You worshipped Okawaru.
Okawaru was exalted by your worship.
You were not hungry.

You visited 3 branches of the dungeon, and saw 13 of its levels.
You also visited: Ice Cave.

You collected 961 gold pieces.

Inventory:

Hand Weapons
 a - a +1 quarterstaff
 h - a +0 longbow of freezing
 C - the +8 shortbow "Embalmer" (weapon) {freeze, rF++}
   (You found it on level 4 of the Dungeon)

   It causes projectiles fired from it to freeze those they strike, causing
   extra injury to most foes and up to half again as much damage against
   particularly susceptible opponents.
   They can also slow down cold-blooded creatures.
   It greatly protects you from fire.
 H - a +0 blowgun
 L - the +1 longbow "Syhocw" {venom, rElec Int-3 Dex+5}
   (Okawaru gifted it to you on level 1 of the Lair of Beasts)

   It poisons the ammo it fires.
   It affects your intelligence (-3).
   It affects your dexterity (+5).
   It insulates you from electricity.
Missiles
 d - 2 throwing nets
 s - 7 javelins of returning
 u - 2 needles of sleeping
 D - 231 arrows (quivered)
 I - 37 poisoned needles
 K - 8 needles of confusion
Armour
 j - +0 ice dragon scales
 v - a +1 helmet
 A - a +0 ring mail (worn)
 M - a +1 hat (worn)
Jewellery
 m - an uncursed ring of magical power
 x - an uncursed ring of flight
 z - an uncursed ring of see invisible
 J - an amulet of faith (around neck)
 R - an uncursed ring of resist corrosion {unknown}
 S - the ring "Azepecoa" (right hand) {rN++ Str-5 Int+2 Dex+4 SInv}
   (You found it in an ice cave)

   [ring of see invisible]

   It affects your strength (-5).
   It affects your intelligence (+2).
   It affects your dexterity (+4).
   It greatly protects you from negative energy.
   It lets you see invisible.
 T - an uncursed amulet of rage {unknown}
 U - the ring of Voyd (left hand) {rC+ Str+2}
   (You found it in an ice cave)

   [ring of protection from cold]

   It affects your strength (+2).
   It protects you from cold.
 V - an uncursed ring of poison resistance {unknown}
Wands
 e - a wand of enslavement (13)
 o - a wand of iceblast (8)
 r - a wand of flame (15)
 w - a wand of acid (9)
 E - a wand of digging (10)
 F - a wand of clouds (6)
 N - a wand of paralysis (9)
Scrolls
 b - 2 scrolls of enchant weapon
 c - a scroll of fog
 i - 3 scrolls of remove curse
 n - 2 scrolls of identify
 y - a scroll of magic mapping
 P - 2 scrolls of immolation
 Q - 2 scrolls of holy word
Potions
 g - 2 potions of haste
 k - a potion of brilliance
 l - a potion of magic
 p - a potion of cancellation {unknown}
 t - 2 potions of might
 B - 4 potions of curing
 G - a potion of agility
 O - 2 potions of lignification
Books
 q - a book of Air

   Spells                             Type                      Level
   a - Shock                          Conjuration/Air              1
   b - Swiftness                      Charms/Air                   2
   c - Static Discharge               Conjuration/Air              3
   d - Airstrike                      Air                          4
   e - Lightning Bolt                 Conjuration/Air              5
Comestibles
 f - 21 rations


   Skills:
 + Level 8.9 Fighting
 + Level 8.7 Staves
 + Level 14.3 Bows
 - Level 1.7 Throwing
 + Level 5.9 Armour
 + Level 4.7 Dodging


You had 11 spell levels left.
You didn't know any spells.

Dungeon Overview and Level Annotations

Branches:
Dungeon (9/15)             Temple (1/1) D:4            Lair (3/6) D:8
 Shoals (0/4) Lair:2
  Snake: Lair:2-4    Spider: Lair:2-4       Orc: D:9-12

Altars:
Ashenzari
Cheibriados
Dithmenos
Elyvilon
Fedhas
Gozag
Hepliaklqana
Kikubaaqudgha
Makhleb
Nemelex Xobeh
Okawaru
Qazlal
Ru
Sif Muna
Trog
Uskayaw
Vehumet
Wu Jian
Xom
Yredelemnul
Zin
The Shining One

Annotations:
Lair:2 Nergalle, Rupert


Innate Abilities, Weirdness & Mutations

You have claws for feet.
You are partially covered in icy blue scales. (AC +2)
Your flesh is cold resistant. (rC+)
You sometimes gain a little power by taking damage.


Message History

Rupert yells loudly at you.
You struggle to resist.
The spectral orc warrior hits you but does no damage.
Nergalle drinks a potion.
Nergalle seems to grow stronger.
Rupert roars madly and goes into a rage!
Rupert goes berserk!
You can move again.
Rupert hits you with a battleaxe of chopping!!
You focus on the pain.
You feel very mighty all of a sudden.
* * * LOW HITPOINT WARNING * * *
The spectral orc warrior misses you. Nergalle closely misses you.
You climb upwards.
The spectral orc warrior disappears in a puff of smoke!
There is a stone staircase leading down here.
Okay, then.
Nergalle hits you but does no damage.
Rupert rages.
Rupert hits you with a battleaxe of chopping!!
You die...

...................#
..............†....#
.#.#.....##..####..#
.###......##..###..#
..##.....##...<##..##
..##.....##.....#...#
.###.....##....##..##
.+........#....#....##
##P......##'#.##@..#.#
###......##.P.#.@o.###
###.............>..#
...................#
...................#
#P..###.##P######.##
##.## ###### ### ###


You could see Rupert (berserk) and Nergalle.

Vanquished Creatures
  Gastronok (Lair:3)
  A hydra (Lair:2)
  2 ice dragons (IceCv)
  A two-headed ogre (D:8)
  Urug (Lair:3)
  An oklob plant (Lair:3)
  Pikel (D:8)
  An elephant (D:8)
  A merfolk siren (Lair:2)
  A black mamba (Lair:2)
  5 spiny frogs
  Psyche (D:8)
  2 ice statues (IceCv)
  A torpor snail (Lair:3)
  3 rime drakes
  3 komodo dragons
  A merfolk (Lair:2)
  5 blink frogs (Lair:2)
  6 hippogriffs
  Sigmund (D:3)
  A spriggan (D:8)
  2 basilisks
  21 yaks
  2 wargs (Lair:1)
  Duvessa (D:6)
  9 water moccasins
  10 porcupines
  17 ice beasts
  An orc warrior (D:7)
  3 slaves (D:8)
  A sky beast (D:9)
  3 phantoms
  2 ogres
  14 wolves
  2 centaurs
  7 crocodiles
  A big kobold (D:7)
  3 bullfrogs
  A scorpion (D:5)
  Dowan (D:5)
  3 killer bees (D:8)
  3 crimson imps
  A centaur zombie (D:8)
  6 hounds
  2 centaur skeletons
  2 jellies
  3 orc priests
  9 orc wizards
  3 bullfrog skeletons
  Natasha (thrice) (D:4)
  4 worker ants
  A hound zombie (D:6)
  5 adders
  A shadow imp (D:7)
  12 white imps (Lair:2)
  An adder zombie (D:8)
  2 oozes
  An adder skeleton (D:4)
  2 worms (D:3)
  2 dart slugs (D:2)
  3 leopard geckos
  18 orcs
  4 giant cockroaches
  8 goblins
  4 hobgoblins
  3 jackals
  8 kobolds
  4 quokkas
  A ball python (D:1)
  5 bats
  6 frilled lizards
  A leopard gecko zombie (D:5)
  5 rats
  A spectral orc (D:5)
  A plant (Lair:2)
279 creatures vanquished.

Vanquished Creatures (others)
  8 fungi (Lair:2)
8 creatures vanquished.

Grand Total: 287 creatures vanquished

Notes
Turn   | Place    | Note
-------+----------+-------------------------------------------
     0 | D:1      | wvc the Demonspawn Gladiator began the quest for the Orb.
     0 | D:1      | Reached XP level 1. HP: 16/16 MP: 1/1
    77 | D:1      | Gained mutation: Your flesh is cold resistant. (rC+) [demonic ancestry]
    77 | D:1      | Reached XP level 2. HP: 10/22 MP: 2/2
   857 | D:2      | Gained mutation: You sometimes gain a little power by taking damage. [demonic ancestry]
   857 | D:2      | Reached XP level 3. HP: 19/27 MP: 3/3
  1932 | D:3      | Noticed an ice beast
  1946 | D:3      | Killed an ice beast
  1946 | D:3      | Reached skill level 5 in Staves
  1946 | D:3      | Reached XP level 4. HP: 33/33 MP: 4/4
  1946 | D:3      | Reached XP level 5. HP: 38/38 MP: 5/5
  2732 | D:4      | Noticed Sigmund
  2873 | D:3      | Killed Sigmund
  2873 | D:3      | Gained mutation: You have sharp toenails. [demonic ancestry]
  2873 | D:3      | Reached XP level 6. HP: 36/44 MP: 6/6
  2976 | D:4      | Got an ancient shortbow
  2977 | D:4      | Identified the +8 shortbow "Embalmer" {freeze, rF++} (You found it on level 4 of the Dungeon)
  3387 | D:4      | Noticed Natasha
  3392 | D:4      | Killed Natasha
  3438 | D:4      | Noticed Natasha
  3441 | D:4      | Killed Natasha
  3493 | D:4      | Found a staircase to the Ecumenical Temple.
  3501 | Temple   | Entered the Ecumenical Temple
  3664 | Temple   | Became a worshipper of Warmaster Okawaru
  3770 | D:4      | Gained mutation: You have razor-sharp toenails. [demonic ancestry]
  3770 | D:4      | Reached XP level 7. HP: 50/50 MP: 7/7
  4103 | D:4      | Noticed Natasha
  4105 | D:4      | Killed Natasha
  4155 | D:5      | Entered Level 5 of the Dungeon
  4184 | D:5      | Reached skill level 1 in Bows
  4359 | D:5      | Noticed Dowan
  4360 | D:5      | Noticed Duvessa
  4365 | D:5      | Killed Dowan
  4652 | D:6      | Reached skill level 2 in Bows
  4886 | D:6      | Reached skill level 3 in Bows
  5015 | D:6      | Gained mutation: You have claws for feet. [demonic ancestry]
  5015 | D:6      | Reached XP level 8. HP: 50/56 MP: 8/8
  5079 | D:6      | Killed Duvessa
  5079 | D:6      | Reached * piety under Okawaru
  5079 | D:6      | Reached skill level 4 in Bows
  5276 | D:5      | Reached skill level 5 in Bows
  5340 | D:5      | Reached skill level 6 in Bows
  5859 | D:5      | Found a basalt altar of Yredelemnul.
  6056 | D:6      | Reached ** piety under Okawaru
  6303 | D:6      | Reached skill level 7 in Bows
  6770 | D:7      | Reached XP level 9. HP: 47/61 MP: 9/9
  6903 | D:7      | Reached skill level 8 in Bows
  7316 | D:8      | Reached *** piety under Okawaru
  7422 | D:8      | Found a staircase to the Lair.
  7422 | D:8      | Noticed an elephant
  7444 | D:7      | Reached skill level 9 in Bows
  7663 | D:8      | Noticed a two-headed ogre
  7674 | D:8      | Killed a two-headed ogre
  7674 | D:8      | Reached skill level 1 in Armour
  7863 | D:8      | Reached skill level 10 in Bows
  7962 | D:8      | Noticed Psyche
  7974 | D:8      | Paralysed by Psyche for 5 turns
  8103 | D:8      | Reached **** piety under Okawaru
  8128 | D:8      | Killed an elephant
  8128 | D:8      | Reached XP level 10. HP: 47/70 MP: 10/10
  8325 | D:8      | Killed Psyche
  8325 | D:8      | Received a gift from Okawaru
  8541 | D:8      | Noticed Pikel
  8551 | D:8      | Killed Pikel
  8853 | Lair:1   | Entered Level 1 of the Lair of Beasts
  8861 | Lair:1   | Noticed a spiny frog
  8869 | Lair:1   | Killed a spiny frog
  8869 | Lair:1   | Received a gift from Okawaru
  8869 | Lair:1   | Reached skill level 11 in Bows
  9070 | Lair:1   | Reached ***** piety under Okawaru
  9070 | Lair:1   | Reached skill level 5 in Fighting
  9128 | Lair:1   | Reached XP level 11. HP: 53/80 MP: 11/11
  9294 | Lair:1   | Reached skill level 12 in Bows
  9573 | Lair:1   | Received a gift from Okawaru
  9576 | Lair:1   | Got a faintly glowing longbow {god gift}
  9578 | Lair:1   | Identified the +1 longbow "Syhocw" {venom, rElec Int-3 Dex+5} (Okawaru gifted it to you on level 1 of the Lair of Beasts)
 10002 | Lair:1   | You fall through a shaft!
 10012 | Lair:2   | Found a frozen archway.
 10119 | IceCv    | Entered an ice cave
 11527 | IceCv    | Noticed an ice dragon
 11528 | IceCv    | Noticed an ice dragon
 11548 | IceCv    | Killed an ice dragon
 11548 | IceCv    | Received a gift from Okawaru
 11548 | IceCv    | Reached skill level 13 in Bows
 11574 | IceCv    | Killed an ice dragon
 11657 | IceCv    | Got a scintillating turquoise ring
 11662 | IceCv    | Got a flickering marble ring
 11667 | IceCv    | Identified the ring of Voyd {rC+ Str+2} (You found it in an ice cave)
 11669 | IceCv    | Identified the ring "Azepecoa" {rN++ Str-5 Int+2 Dex+4 SInv} (You found it in an ice cave)
 11735 | IceCv    | Received a gift from Okawaru
 11918 | Lair:2   | Received a gift from Okawaru
 11918 | Lair:2   | Reached skill level 5 in Armour
 11927 | Lair:2   | Gained mutation: You are partially covered in icy blue scales. (AC +2) [demonic ancestry]
 11927 | Lair:2   | Reached XP level 12. HP: 78/89 MP: 12/12
 11976 | Lair:2   | HP: 2/91 [hippogriff (7)]
 11979 | Lair:2   | Noticed a four-headed hydra
 12030 | Lair:2   | Received a gift from Okawaru
 12042 | Lair:2   | Received a gift from Okawaru
 12573 | Lair:2   | Killed a four-headed hydra
 12997 | Lair:2   | Found a staircase to the Shoals.
 13095 | Lair:3   | Reached ****** piety under Okawaru
 13174 | Lair:3   | Received a gift from Okawaru
 13321 | Lair:3   | Reached skill level 14 in Bows
 13335 | Lair:3   | Received a gift from Okawaru
 13338 | Lair:3   | Noticed Urug
 13370 | Lair:3   | Killed Urug
 13935 | Lair:3   | Noticed Gastronok
 13950 | Lair:3   | Killed Gastronok
 14078 | Lair:3   | Noticed Rupert
 14080 | Lair:3   | Paralysed by Rupert for 2 turns
 14081 | Lair:3   | Noticed Nergalle
 14093 | Lair:3   | Paralysed by Rupert for 7 turns
 14103 | Lair:2   | Mangled by Rupert

Vault maps used:
D:1:      dpeg_arrival_orchard, st_stairs_3, minmay_split_cup_small
D:3:      first_ration
D:4:      minmay_temple_entry_grid, minmay_misc_feat_secret_circle,
          uniq_sigmund, uniq_natasha
D:5:      yredelemnul_forgotten_temple_becter, uniq_duvessa
D:8:      david_lair_generic, the_bakery, uniq_pikel, uniq_psyche
D:9:      nemelex_xobeh_ov_fountains_minmay, uniq_prince_ribbit1
Temple:   minmay_crystal_snake_temple
Lair:1:   beast_lair_carwin_large_3, serial_bayou_shore_b, grunt_megastairs_5,
          lemuel_fruit_fields
Lair:2:   elwin_shoals_entry_rooms, portal_ice_cave_entry_imps
Lair:3:   uniq_nergalle, uniq_rupert, uniq_urug, uniq_gastronok
IceCv:    ice_cave_small_dragons

Skill      XL: |  1  2  3  4  5  6  7  8  9 10 11 12 |
---------------+-------------------------------------+-----
Staves         | 3 5 6 7 8 |  8.7
Bows           | 3 7 10 11 13 14 | 14.3
Armour         | 1 3 5 |  5.9
Fighting       | 3 5 6 8 |  8.9
Dodging        | 3 4 |  4.7
Throwing       | |  1.7

Action                   |  1- 3 |  4- 6 |  7- 9 | 10-12 || total
-------------------------+-------+-------+-------+-------++-------
Melee: Quarterstaff      |   118 |    75 |       |    86 ||   279
       Kick              |       |       |       |    46 ||    46
 Fire: Shortbow          |       |    21 |   266 |   672 ||   959
Throw: Throwing net      |     1 |     1 |       |       ||     2
Invok: Heroism           |       |       |     1 |     7 ||     8
       Finesse           |       |       |       |     1 ||     1
  Use: Potion            |     3 |       |       |     7 ||    10
       Scroll            |     2 |     9 |    11 |     5 ||    27
 Stab: Sleeping          |     1 |       |       |       ||     1
       Distracted        |       |       |       |     1 ||     1
  Eat: Chunk             |     3 |     4 |       |     3 ||    10
       Ration            |       |     1 |     4 |     4 ||     9
Armor: Leather armour    |    38 |       |       |       ||    38
       Ring mail         |     3 |    32 |    28 |   121 ||   184
Dodge: Dodged            |   106 |    64 |    68 |   211 ||   449

Table legend:
 A = Spawn XP
 B = Non-spawn XP
 C = Spawn XP percentage of total XP
 D = Spawn monster count
 E = Non-spawn monster count
 F = Spawn count percentage of total count
 G = Total turns spent on level
                    A         B        C        D         E        F      G
               +---------+---------+-------+---------+---------+-------+---------
         Total |       0 |   35112 |   0.0 |       0 |     275 |   0.0 | 14103
               +---------+---------+-------+---------+---------+-------+---------
           D:1 |       0 |      22 |   0.0 |       0 |      15 |   0.0 |   711
           D:2 |       0 |      43 |   0.0 |       0 |      14 |   0.0 |  1077
           D:3 |       0 |     488 |   0.0 |       0 |      32 |   0.0 |  1403
           D:4 |       0 |     218 |   0.0 |       0 |      11 |   0.0 |   771
           D:5 |       0 |     905 |   0.0 |       0 |      16 |   0.0 |  1091
           D:6 |       0 |     805 |   0.0 |       0 |      15 |   0.0 |  1153
           D:7 |       0 |     910 |   0.0 |       0 |      23 |   0.0 |   946
           D:8 |       0 |    3854 |   0.0 |       0 |      24 |   0.0 |  1496
           D:9 |       0 |     127 |   0.0 |       0 |       1 |   0.0 |    12
        Lair:1 |       0 |    6947 |   0.0 |       0 |      37 |   0.0 |  1149
        Lair:2 |       0 |    8971 |   0.0 |       0 |      50 |   0.0 |  1438
        Lair:3 |       0 |    6444 |   0.0 |       0 |      17 |   0.0 |   949
         IceCv |       0 |    5378 |   0.0 |       0 |      20 |   0.0 |  1714
               +---------+---------+-------+---------+---------+-------+---------
